Workbook

Sheet Balance Sheet Consolidated
A1: Balance Sheet - Fiscal PY Accrual
A3: As of Aug 31, 2026
A5: Distribution account | B5: Capital | D5: General | F5: Combined | H5: ck figures
A6: Assets
A7: Current Assets
A8: Bank Accounts
A9: 1005 Regions Bank Checking *3400 | B9: 1046460.1 | F9: =SUM(B9,D9) -> 1046460.1
A10: 1005 Fifth Third Checking 4036 | D10: 394053.3 | F10: =SUM(B10,D10) -> 394053.3
A11: 1100 Regions Investment | F11: =SUM(B11,D11) -> 0
A12: 1105 Cash Equivalents | B12: 368292.59 | F12: =SUM(B12,D12) -> 368292.59
A13: 1110 US Treasury | B13: 8757405.5 | F13: =SUM(B13,D13) -> 8757405.5
A14: 1115 Accrued Investment Income | B14: 122912.12 | F14: =SUM(B14,D14) -> 122912.12
A15: Total for 1100 Regions Investment | B15: =SUM(B12:B14) -> 9248610.2 | D15: =SUM(D12:D14) -> 0 | F15: =SUM(F12:F14) -> 9248610.2
A17: Total for Bank Accounts and Investments | B17: =SUM(B9,B15) -> 10295070 | D17: =SUM(D10,D15) -> 394053.3 | F17: =SUM(B17,D17) -> 10689124
A18: Accounts Receivable
A19: 1150 Accounts Receivable | B19: 6432253.8 | F19: =SUM(B19,D19) -> 6432253.8 | H19: =F19-'AR Capital'!G15 -> 0
A20: Total for Accounts Receivable | B20: =SUM(B19) -> 6432253.8 | D20: =SUM(D19) -> 0 | F20: =SUM(B20,D20) -> 6432253.8
A21: Other Current Assets
A22: 1305 Due From Capital Fund | B22: 0 | D22: 246216.58 | F22: =SUM(B22,D22) -> 246216.58 | H22: =D22-B56 -> 0
A23: 1400 Deposit | B23: 1497.31 | D23: 1497.31 | F23: =SUM(B23,D23) -> 2994.62
A24: 1500 Due from Other Governments | B24: 0 | D24: 0 | F24: =SUM(B24,D24) -> 0
A25: 1200 Special Assessments Receivable
A26: 1210 Special Assessment 2021 Receivable | B26: 2432532.2 | F26: =SUM(B26,D26) -> 2432532.2
A27: 1290 Allowance for Uncollectible Special Assessment | B27: -61620.35 | F27: =SUM(B27,D27) -> -61620.35
A28: Total for 1200 Special Assessments Receivable | B28: =SUM(B26:B27) -> 2370911.8 | D28: =SUM(D26:D27) -> 0 | F28: =SUM(F26:F27) -> 2370911.8
A29: Total for Other Current Assets | B29: =SUM(B22:B24,B28) -> 2372409.1 | D29: =SUM(D22:D24,D28) -> 247713.89 | F29: =SUM(B29,D29) -> 2620123
A30: Total for Current Assets | B30: =SUM(B17,B20,B29) -> 19099733 | D30: =SUM(D17,D20,D29) -> 641767.19 | F30: =SUM(B30,D30) -> 19741500
A31: Fixed Assets
A32: 1600 Capital Assets
A33: 1605 Construction in Progress, Not Being Depreciated 2025 Renourishment
A34: 1610 Capital Assets Being Depreciated | B34: 6769675
A35: 1615 Right to Use Leased Building | B35: 68091 | F35: =SUM(B35,D35) -> 68091
A36: 1620 Infrastructure 2021 Renourishment/ Parking | B36: 11135190 | F36: =SUM(B36,D36) -> 11135190
A37: 1625 Equipment | B37: 815.13 | D37: 47740.78 | F37: =SUM(B37,D37) -> 48555.91
A38: Total for 1610 Capital Assets Being Depreciated | B38: =SUM(B35:B37) -> 11204096 | D38: =SUM(D35:D37) -> 47740.78 | F38: =SUM(F35:F37) -> 11251837
A39: 1675 Less Accumulated Depreciation/Amoritization
A40: 1680 Accum Depr Right to use Leased Building | B40: -17022 | F40: =SUM(B40,D40) -> -17022
A41: 1685 Accum Depr Insfrastructure 2021 Renourishment/ Parking Lot | B41: -6902360.4 | F41: =SUM(B41,D41) -> -6902360.4
A42: 1690 Accum Depr Equipment | B42: -2.23 | D42: -12336.22 | F42: =SUM(B42,D42) -> -12338.45
A43: Total for 1675 Less Accumulated Depreciation | B43: =SUM(B40:B42) -> -6919384.7 | D43: =SUM(D40:D42) -> -12336.22 | F43: =SUM(F40:F42) -> -6931720.9
A44: Total for Fixed Assets | B44: =SUM(B38,B43)+B34 -> 11054386 | D44: =SUM(D38,D43) -> 35404.56 | F44: =SUM(B44,D44) -> 11089791
A45: Other Assets
A46: 131.000 Due from Capital Projects Fund | B46: 0 | D46: 0 | F46: =SUM(B46,D46) -> 0
A47: Total for Other Assets | B47: =SUM(B46:B46) -> 0 | D47: =SUM(D46:D46) -> 0 | F47: =SUM(B47,D47) -> 0
A48: Total for Assets | B48: =SUM(B30,B44,B47) -> 30154120 | D48: =SUM(D30,D44,D47) -> 677171.75 | F48: =SUM(B48,D48) -> 30831292
A49: Liabilities and Equity
A50: Liabilities
A51: Current Liabilities
A52: Accounts Payable
A53: 2000 *Accounts Payable | B53: 0 | D53: 3674.54 | F53: =SUM(B53,D53) -> 3674.54
A54: Total for Accounts Payable | B54: =SUM(B53) -> 0 | D54: =SUM(D53) -> 3674.54 | F54: =SUM(B54,D54) -> 3674.54
A55: Other Current Liabilities
A56: 2055 Due to General Fund | B56: 246216.58 | D56: 0 | F56: =SUM(B56,D56) -> 246216.58
A57: 2200 Due To (From) Capital Projects | B57: 0 | D57: 0 | F57: =SUM(B57,D57) -> 0 | H57: =B56-F22 -> 0
A58: 2005 American Express | B58: 0 | D58: 0 | F58: =SUM(B58,D58) -> 0
A59: 2008 Visa | D59: 2698.1 | F59: =SUM(B59,D59) -> 2698.1
A60: 2150 Accrued Interest Payable | B60: 0 | D60: 0 | F60: =SUM(B60,D60) -> 0
A61: 2250 SA Deferred Revenue | B61: 0 | D61: 0 | F61: =SUM(B61,D61) -> 0
A62: 2210 Deferred Grant Revenue | B62: 0 | F62: =SUM(B62,D62) -> 0
A63: 2300 Accrued Payroll | B63: 9283.88 | D63: 5407.07 | F63: =SUM(B63,D63) -> 14690.95
A64: 2301 Accrued Liabilities | B64: 0 | F64: =SUM(B64,D64) -> 0
A65: 233.100 Deferred Revenue - state | B65: 0 | D65: 0 | F65: =SUM(B65,D65) -> 0
A66: Total for Other Current Liabilities | B66: =SUM(B56:B64) -> 255500.46 | D66: =SUM(D56:D64) -> 8105.17 | F66: =SUM(B66,D66) -> 263605.63
A67: Total for Current Liabilities | B67: =SUM(B54,B66) -> 255500.46 | D67: =SUM(D54,D66) -> 11779.71 | F67: =SUM(B67,D67) -> 267280.17
A68: Long-term Liabilities
A69: 2505 Lease Liability | B69: 51793 | F69: =SUM(B69,D69) -> 51793
A70: 2805 Synovus 2021 Renourishment Loan | B70: =10604585.32-2569166.26 -> 8035419.1 | F70: =SUM(B70,D70) -> 8035419.1
A71: 2810 Regions 2025 Renourishment Loan | B71: 15996998 | D71: 0 | F71: =SUM(B71,D71) -> 15996998
A72: Total for Renourishment Loans | B72: =SUM(B70:B71) -> 24032417 | D72: =SUM(D70:D71) -> 0 | F72: =SUM(F70:F71) -> 24032417
A73: Total for Long-term Liabilities | B73: =SUM(B69,B72) -> 24084210 | D73: =SUM(D69,D72) -> 0 | F73: =SUM(B73,D73) -> 24084210
A74: Total for Liabilities | B74: =SUM(B67,B73) -> 24339711 | D74: =SUM(D67,D73) -> 11779.71 | F74: =SUM(B74,D74) -> 24351490
A75: Equity
A76: 3005 Net Investment in Capital Assets | B76: 352412 | F76: =SUM(B76,D76) -> 352412
A77: 3010 Restricted for Captial Projects | B77: 13141571 | F77: =SUM(B77,D77) -> 13141571
A78: 3015 Restricted for Debt Service/ Loan Payments | B78: 0 | F78: =SUM(B78,D78) -> 0
A79: 3000. Fund Balance | B79: -149770.44 | D79: 372097.57 | F79: =SUM(B79,D79) -> 222327.13
A80: Change in Net Position (Net Income/ (Deficit) | B80: ='P&L Capital'!D91 -> -7529803.3 | D80: ='P&L General Fund'!D73 -> 293294.47 | F80: =SUM(B80,D80) -> -7236508.9
A81: Total for Equity | B81: =SUM(B76:B80) -> 5814409.2 | D81: =SUM(D76:D80) -> 665392.04 | F81: =SUM(B81,D81) -> 6479801.3
A82: Total for Liabilities and Equity | B82: =SUM(B74,B81) -> 30154120 | D82: =SUM(D74,D81) -> 677171.75 | F82: =SUM(B82,D82) -> 30831292
A84: Check | B84: =B48-B82 -> 0 | D84: =D48-D82 -> 0 | F84: =F48-F82 -> 0
B85: =B80-'P&L Capital'!D91 -> 0 | D85: =D80-'P&L General Fund'!D73 -> 0
B86: ='Budget vs Actual Capital'!C99-'P&L Capital'!D91 -> 0 | D86: ='P&L General Fund'!D73-'Budget Vs Actual General'!C86 -> 0

Sheet AR Capital
A1: CEPD - Capital
A2: A/R Aging Summary Report
A3: As of Aug 31, 2026
B5: CURRENT | C5: 1 - 30 | D5: 31 - 60 | E5: 61 - 90 | F5: 91 AND OVER | G5: Total
A6: Florida Fish and Wildlife Conservation Commission
A7: FWC Agreement 25109 - CEPD Invasive Exotic Species Removal | C7: 240875.93 | G7: =B7+C7+D7+E7+F7 -> 240875.93
A8: Total for Florida Fish and Wildlife Conservation Commission | B8: =B6+B7 -> 0 | C8: =C6+C7 -> 240875.93 | D8: =D6+D7 -> 0 | E8: =E6+E7 -> 0 | F8: =F6+F7 -> 0 | G8: =B8+C8+D8+E8+F8 -> 240875.93
A9: Lee County Finance Department
A10: ILA - Lee County BoCC - 2025 Nourishment Project | D10: 3186742.5 | G10: =B10+C10+D10+E10+F10 -> 3186742.5
A11: Total for Lee County Finance Department | B11: =B9+B10 -> 0 | C11: =C9+C10 -> 0 | D11: =D9+D10 -> 3186742.5 | E11: =E9+E10 -> 0 | F11: =F9+F10 -> 0 | G11: =B11+C11+D11+E11+F11 -> 3186742.5 | H11: not sure when we will receive it's dependant on FDEP below
A12: LGFR / FDEP
A13: 25LE1 Captiva Island Beach Nourishment Project | B13: 3004635.4 | G13: =B13+C13+D13+E13+F13 -> 3004635.4
A14: Total for LGFR / FDEP | B14: =B12+B13 -> 3004635.4 | C14: =C12+C13 -> 0 | D14: =D12+D13 -> 0 | E14: =E12+E13 -> 0 | F14: =F12+F13 -> 0 | G14: =B14+C14+D14+E14+F14 -> 3004635.4
A15: TOTAL | B15: =B8+B11+B14 -> 3004635.4 | C15: =C8+C11+C14 -> 240875.93 | D15: =D8+D11+D14 -> 3186742.5 | E15: =E8+E11+E14 -> 0 | F15: =F8+F11+F14 -> 0 | G15: =B15+C15+D15+E15+F15 -> 6432253.8

Sheet P&L Capital
B1: CEPD - Capital
B2: Revenue and Expenditures
C5: Total
C6: 46235 | D6: Oct 1 2025 -August 31 2026 (YTD)
B7: Income
B8: 4000 SPECIAL ASSESSMENT REVENUES
B9: 4005 Special Assessments | D9: 852276.75
B10: Total for 4000 SPECIAL ASSESSMENT REVENUES | C10: =C8+C9 -> 0 | D10: =D8+D9 -> 852276.75
B11: 4100 Interest Income | C11: 31207.71 | D11: 508405.71
B12: 4200 Other Income | D12: 23.08
B13: 4300 INTERGOVERNMENTAL / GRANT REVENUES
B14: 4305 Local Government Contributions / Reimbursements | D14: 3509912.6
B15: 4310 Grant Income - State | C15: =-372413.36 -> -372413.36 | D15: 11127483
B16: 4315 Grant Income - Federal | D16: 885170.28
B17: Total for 4300 INTERGOVERNMENTAL / GRANT REVENUES | C17: =C13+C14+C15+C16 -> -372413.36 | D17: =D13+D14+D15+D16 -> 15522566
B18: 4400 PARKING REVENUES
B19: 4405 Parking Lot Revenue | C19: 45864.5 | D19: 517631.25
B20: Total for 4400 PARKING REVENUES | C20: =C18+C19 -> 45864.5 | D20: =D18+D19 -> 517631.25
B21: Total for Income | C21: =C7+C10+C11+C12+C17+C20 -> -295341.15 | D21: =D7+D10+D11+D12+D17+D20 -> 17400902
B22: Gross Profit | C22: =C21-0 -> -295341.15 | D22: =D21-0 -> 17400902
B23: Expenses
B24: 5000 ADMINISTRATIVE EXPENSES
B25: 5005 Bank Service Charges | C25: 2048.82 | D25: 20795.61
B26: 5015 Advertising / Legal Notices / Public Communications | C26: 1083.09 | D26: 1849.49
B27: 5025 Insurance | D27: -840.5
B28: 5040 Rent / Office Lease Expense | C28: 1497.31 | D28: 16253.62
B29: 5080 Misc Administrative Expense | D29: 0
B30: 5085 Travel, Milage & Toll Reimbursements | D30: 1175.08
B31: Total for 5000 ADMINISTRATIVE EXPENSES | C31: =C24+C25+C26+C27+C28+C29+C30 -> 4629.22 | D31: =D24+D25+D26+D27+D28+D29+D30 -> 39233.3
B32: 5090 SOFTWARE & CLOUD SUBSCRIPTIONS
B33: 5090.08 Software & Online Services | C33: 140 | D33: 1290
B34: Total for 5090 SOFTWARE & CLOUD SUBSCRIPTIONS | C34: 140 | D34: 1290
B35: 5100 PAYROLL EXPENSES
B36: 5105 Gross Wages | C36: 12525.06 | D36: 180302.43
B37: 5110 Payroll Taxes | C37: 930.61 | D37: 13380.28
B38: 5115 Payroll Service Fees | C38: 144.33 | D38: 3158.7
B39: 5120 Health Insurance Reimbursements | D39: 3108.24
B40: Total for 5100 PAYROLL EXPENSES | C40: =C35+C36+C37+C38+C39 -> 13600 | D40: =D35+D36+D37+D38+D39 -> 199949.65
B41: 5200 COST OF COLLECTING SPECIAL ASSESSMENTS
B42: 5205 Property Appraiser Fees | D42: 718
B43: 5210 Tax Collector Fees | D43: 1321.12
B44: Total for 5200 COST OF COLLECTING SPECIAL ASSESSMENTS | C44: =C41+C42+C43 -> 0 | D44: =D41+D42+D43 -> 2039.12
B45: 5300 PROFESSIONAL FEES
B46: 5305 Accounting | C46: 1181.25 | D46: 10640.13
B47: 5310 Auditing | D47: 15075
B48: 5315 Legal Fees | D48: 8378
B49: 5320 Engineering / Technical Consulting | D49: 431567.53
B50: 5325 Legislative / Lobbying Services | C50: 6045 | D50: 66135
B51: 5330 Environmental / Project Monitoring | D51: 0
B52: 5335 Sea Turtle Monitoring | D52: 11760.35
B53: 5340 Shorebird Monitoring | D53: 0
B54: Total for 5330 Environmental / Project Monitoring | C54: =C51+C52+C53 -> 0 | D54: =D51+D52+D53 -> 11760.35
B55: 5345 Landscape Architecture / Design Consulting | D55: 24000
B56: 5350 Evan Cutler / Consulting | D56: 10975.63
B57: Total for 5300 PROFESSIONAL FEES | C57: =C45+C46+C47+C48+C49+C50+C54+C55+C56 -> 7226.25 | D57: =D45+D46+D47+D48+D49+D50+D54+D55+D56 -> 578531.64
B58: 5600 PARKING LOT EXPENSES
B59: 5610 Waste Disposal / Dumpster Services | C59: 319.84 | D59: 3649.1
B60: 5615 Portable Toilets | C60: 2269 | D60: 29900.13
B61: 5620 Parking Lot Improvements | D61: 8913.5
B62: 5625 Parking Lot Signage | C62: 298.23 | D62: 877.14
B63: 5635 Parking Lot Equipment Maintenance | D63: 5564.41
B64: 5640 Parking Collection Fees | C64: 2642.5 | D64: 22892.74
B65: 5645 Sales Tax Expense / Adjustments | C65: 3432.21 | D65: 28918.08
B66: 5650 Beach Ambassador Uniforms | D66: 2975.62
B67: 5655 Beach Ambassador Supplies & Equipment | C67: 452.87 | D67: 808.94
B68: Total for 5600 PARKING LOT EXPENSES | C68: =C58+C59+C60+C61+C62+C63+C64+C65+C66+C67 -> 9414.65 | D68: =D58+D59+D60+D61+D62+D63+D64+D65+D66+D67 -> 104499.66
B69: 5700 PROJECT / BEACH MAINTENANCE EXPENSES
B70: 5705 Australian Pine Removal | D70: 244046
B71: 5710 Iguana Control | D71: 115500
B72: 5715 Dune Protection Fencing | D72: 91568
B73: 5720 Beach Maintenance / Sand Management | D73: 10020.96
B74: 5725 Beach Renourishment | D74: 23497646
B75: 5745 Beach / Dune Signage | D75: 765.45
B76: Total for 5700 PROJECT / BEACH MAINTENANCE EXPENSES | C76: =C69+C70+C71+C72+C73+C74+C75 -> 0 | D76: =D69+D70+D71+D72+D73+D74+D75 -> 23959546
B77: Total for Expenses | C77: =C23+C31+C40+C44+C57+C68+C76+C34 -> 35010.12 | D77: =D23+D31+D40+D44+D57+D68+D76+D34 -> 24885090
B78: Net Operating Income/ (Loss) | C78: =C22-C77 -> -330351.27 | D78: =D22-D77 -> -7484187.4
B79: Other Income
B80: 6000 TRANSFERS IN / OTHER FINANCING SOURCES
B81: 6005 Transfer from General Fund- Reserve | C81: 9327.25 | D81: 102599.75
B82: Total for 6000 TRANSFERS IN / OTHER FINANCING SOURCES | C82: =C80+C81 -> 9327.25 | D82: =D80+D81 -> 102599.75
B83: 8505 Unrealized Gain / Loss on Investments | C83: -1936.5 | D83: -39263.49
B84: Total for Other Income | C84: =C79+C82+C83 -> 7390.75 | D84: =D79+D82+D83 -> 63336.26
B85: Other Expenses
B86: 7000 DEBT SERVICE / LEASE / DEPRECIATION
B87: 7005 Debt Service - Interest | D87: 108952.21
B88: Total for 7000 DEBT SERVICE / LEASE / DEPRECIATION | C88: =C86+C87 -> 0 | D88: =D86+D87 -> 108952.21
B89: Total for Other Expenses | C89: =C85+C88 -> 0 | D89: =D85+D88 -> 108952.21
B90: Net Other Income/ (Loss) | C90: =C84-C89 -> 7390.75 | D90: =D84-D89 -> -45615.95
B91: Net Income/ (Loss) | C91: =C78+C90 -> -322960.52 | D91: =D78+D90 -> -7529803.3

Sheet P&L General Fund
B1: CEPD - General
B2: Revenue and Expenditures
C4: Total
C5: ='P&L Capital'!C6 -> 46235 | D5: ='P&L Capital'!D6 -> Oct 1 2025 -August 31 2026 (YTD)
B6: Income
B7: 4000 TAX REVENUES
B8: 4005 Ad Valorem Taxes | D8: 622407.68
B9: Total for 4000 TAX REVENUES | C9: =C7+C8 -> 0 | D9: =D7+D8 -> 622407.68
B10: 4100 Interest Income | C10: 1.13 | D10: 631.49
B11: 4200 OTHER INCOME
B12: 4205 Estoppel Letter Fees | C12: 0 | D12: 8000
B13: 4295 Misc Other Income | D13: 482.19
B14: Total for 4200 OTHER INCOME | C14: =C11+C12+C13 -> 0 | D14: =D11+D12+D13 -> 8482.19
B15: Total for Income | C15: =C6+C9+C10+C14 -> 1.13 | D15: =D6+D9+D10+D14 -> 631521.36
B16: Gross Profit | C16: =C15-0 -> 1.13 | D16: =D15-0 -> 631521.36
B17: Expenses
B18: 5000 ADMINISTRATIVE EXPENSES
B19: 5005 Bank Service Charges | D19: 57.75
B20: 5015 Advertising / Legal Notices / Public Communications | C20: 1103.39 | D20: 5129.96
B21: 5020 Copier Lease | C21: 147.09 | D21: 1457.79
B22: 5025 Insurance | D22: 11499.5
B23: 5030 Dues & Subscriptions | D23: 8575
B24: 5035 Office Supplies & Expenses | C24: 247.15 | D24: 3526.06
B25: 5040 Rent / Office Lease Expense | C25: 1497.31 | D25: 16253.58
B26: 5045 Postage & Delivery | D26: 126.84
B27: 5050 Telephone / Communications | C27: 313.02 | D27: 3776.62
B28: 5055 Travel & Conferences | D28: 3063.59
B29: 5060 IT Support / Computer Maintenance | C29: 445 | D29: 3850.5
B30: 5065 Website Maintenance | C30: 0 | D30: 115.95
B31: 5070 Repairs & Maintenance | D31: 768
B32: 5075 Small Tools, Equipment & Field Supplies | D32: 101.54
B33: 5080 Misc Administrative Expense | D33: 0
B34: Total for 5000 ADMINISTRATIVE EXPENSES | C34: =C18+C19+C20+C21+C22+C23+C24+C25+C26+C27+C28+C29+C30+C31+C32+C33 -> 3752.96 | D34: =D18+D19+D20+D21+D22+D23+D24+D25+D26+D27+D28+D29+D30+D31+D32+D33 -> 58302.68
B35: 5090 SOFTWARE & CLOUD SUBSCRIPTIONS
B36: 5090.01 Adobe | C36: 23.99 | D36: 743.69
B37: 5090.02 ChatGPT / AI Tools | C37: 20 | D37: 371.51
B38: 5090.03 Constant Contact | C38: 72 | D38: 72
B39: 5090.04 Docusign | D39: 960
B40: 5090.05 Google Suite | C40: 227.76 | D40: 2373.96
B41: 5090.06 LastPass | D41: 306.42
B42: 5090.07 Microsoft 365 / Email Licenses | C42: 299.32 | D42: 2913.97
B43: 5090.08 QuickBooks Online | C43: 140 | D43: 1290
B44: 5090.09 Streamline | D44: 880
B45: 5090.10 Other Software & Cloud Subscriptions | C45: 169.9 | D45: 358.19
B46: Total for 5090 SOFTWARE & CLOUD SUBSCRIPTIONS | C46: =C35+C36+C37+C39+C40+C41+C42+C43+C44+C45+C38 -> 952.97 | D46: =D35+D36+D37+D39+D40+D41+D42+D43+D44+D45+D38 -> 10269.74
B47: 5100 PAYROLL EXPENSES
B48: 5105 Gross Wages | C48: 3433.23 | D48: 76562.65
B49: 5110 Payroll Taxes | C49: 290.19 | D49: 6542.94
B50: 5115 Payroll Service Fees | C50: 144.32 | D50: 3158.47
B51: 5120 Employee Reimbursements / Non-Taxable Reimb | C51: 719.96 | D51: 18325.81
B52: Total for 5100 PAYROLL EXPENSES | C52: =C47+C48+C49+C50+C51 -> 4587.7 | D52: =D47+D48+D49+D50+D51 -> 104589.87
B53: 5125 ADMINISTRATIVE SUPPORT / CONTRACT LABOR
B54: 5130 Contract Administrative Support | D54: 10486.87
B55: Total for 5125 ADMINISTRATIVE SUPPORT / CONTRACT LABOR | C55: =C53+C54 -> 0 | D55: =D53+D54 -> 10486.87
B56: 5200 COST OF COLLECTING AD VALOREM
B57: 5205 Property Appraiser Fees | D57: 3749.7
B58: 5210 Tax Collector Fees | D58: 11970.9
B59: Total for 5200 COST OF COLLECTING AD VALOREM | C59: =C56+C57+C58 -> 0 | D59: =D56+D57+D58 -> 15720.6
B60: 5300 PROFESSIONAL FEES
B61: 5305 Accounting | C61: 1181.25 | D61: 10295.12
B62: 5310 Auditing | D62: 9575
B63: 5315 Legal Fees - General | C63: 0 | D63: 16387.26
B64: Total for 5300 PROFESSIONAL FEES | C64: =C60+C61+C62+C63 -> 1181.25 | D64: =D60+D61+D62+D63 -> 36257.38
B65: Total for Expenses | C65: =C17+C34+C46+C52+C55+C59+C64 -> 10474.88 | D65: =D17+D34+D46+D52+D55+D59+D64 -> 235627.14
B66: Net Operating Income/ (Loss) | C66: =C16-C65 -> -10473.75 | D66: =D16-D65 -> 395894.22
B67: Other Expenses
B68: 6000 TRANSFERS OUT / OTHER FINANCING USES
B69: 6005 Transfer to Capital Fund | C69: 9327.25 | D69: 102599.75
B70: Total for 6000 TRANSFERS OUT / OTHER FINANCING USES | C70: =C68+C69 -> 9327.25 | D70: =D68+D69 -> 102599.75
B71: Total for Other Expenses | C71: =C67+C70 -> 9327.25 | D71: =D67+D70 -> 102599.75
B72: Net Other Income/ (Loss) | C72: =0-C71 -> -9327.25 | D72: =0-D71 -> -102599.75
B73: Net Income/ (Loss) | C73: =C66+C72 -> -19801 | D73: =D66+D72 -> 293294.47

Sheet Budget vs Actual Capital
B1: Budget vs. Actuals_Budget_FY26_P&L__Report
B2: October, 2025-August, 2026
C4: Total
C5: Actual | D5: Budget | E5: Over budget by
B6: Income
B7: 4000 SPECIAL ASSESSMENT REVENUES
B8: 4005 Special Assessments | C8: ='P&L Capital'!D9 -> 852276.75 | D8: 873398 | E8: =C8-D8 -> -21121.25
B9: Total for 4000 SPECIAL ASSESSMENT REVENUES | C9: =C7+C8 -> 852276.75 | D9: =D7+D8 -> 873398 | E9: =E7+E8 -> -21121.25
B10: 4100 Interest Income | C10: ='P&L Capital'!D11 -> 508405.71 | D10: 417310 | E10: =C10-D10 -> 91095.71
B11: 4200 Other Income | C11: ='P&L Capital'!D12 -> 23.08 | D11: 261482 | E11: =C11-D11 -> -261458.92
B12: 4300 INTERGOVERNMENTAL / GRANT REVENUES | C12: ='P&L Capital'!D13 -> 0
B13: 4305 Local Government Contributions / Reimbursements | C13: ='P&L Capital'!D14 -> 3509912.6 | D13: 3000000 | E13: =C13-D13 -> 509912.56
B14: 4310 Grant Income - State | C14: ='P&L Capital'!D15 -> 11127483 | D14: 15193502 | E14: =C14-D14 -> -4066019.3
B15: 4315 Grant Income - Federal | C15: ='P&L Capital'!D16 -> 885170.28 | E15: =C15-D15 -> 885170.28
B16: Total for 4300 INTERGOVERNMENTAL / GRANT REVENUES | C16: =C12+C13+C14+C15 -> 15522566 | D16: =D12+D13+D14+D15 -> 18193502 | E16: =E12+E13+E14+E15 -> -2670936.5
B17: 4400 PARKING REVENUES
B18: 4405 Parking Lot Revenue | C18: ='P&L Capital'!D19 -> 517631.25 | D18: 300000 | E18: =C18-D18 -> 217631.25
B19: Total for 4400 PARKING REVENUES | C19: =C17+C18 -> 517631.25 | D19: =D17+D18 -> 300000 | E19: =E17+E18 -> 217631.25
B20: Total for Income | C20: =C6+C9+C10+C11+C16+C19 -> 17400902 | D20: =D6+D9+D10+D11+D16+D19 -> 20045692 | E20: =E6+E9+E10+E11+E16+E19 -> -2644789.7
B21: Cost of Goods Sold
B22: Gross Profit | C22: =C20-C21 -> 17400902 | D22: =D20-D21 -> 20045692 | E22: =E20-E21 -> -2644789.7
B23: Expenses
B24: 5000 ADMINISTRATIVE EXPENSES
B25: 5005 Bank Service Charges | C25: ='P&L Capital'!D25 -> 20795.61 | D25: 1000 | E25: =C25-D25 -> 19795.61
B26: 5015 Advertising / Legal Notices / Public Communications | C26: ='P&L Capital'!D26 -> 1849.49 | D26: 2000 | E26: =C26-D26 -> -150.51
B27: 5025 Insurance | C27: ='P&L Capital'!D27 -> -840.5 | D27: 4000 | E27: =C27-D27 -> -4840.5
B28: 5040 Rent / Office Lease Expense | C28: ='P&L Capital'!D28 -> 16253.62 | D28: 18000 | E28: =C28-D28 -> -1746.38
B29: 5080 Misc Administrative Expense | C29: ='P&L Capital'!D29 -> 0 | E29: =C29-D29 -> 0
B30: 5085 Travel, Milage & Toll Reimbursements | C30: ='P&L Capital'!D30 -> 1175.08 | E30: =C30-D30 -> 1175.08
B31: Total for 5000 ADMINISTRATIVE EXPENSES | C31: =C24+C25+C26+C27+C28+C29+C30 -> 39233.3 | D31: =D24+D25+D26+D27+D28+D29+D30 -> 25000 | E31: =E24+E25+E26+E27+E28+E29+E30 -> 14233.3
B32: 5090 SOFTWARE & CLOUD SUBSCRIPTIONS
B33: 5090.08 Software & Online Services | C33: ='P&L Capital'!D33 -> 1290 | E33: =C33-D33 -> 1290
B34: Total for 5090 SOFTWARE & CLOUD SUBSCRIPTIONS | C34: =C33 -> 1290 | D34: =D33 -> 0 | E34: =E33 -> 1290
B35: 5100 PAYROLL EXPENSES
B36: 5105 Gross Wages | C36: ='P&L Capital'!D36 -> 180302.43 | D36: 93680 | E36: =C36-D36 -> 86622.43
B37: 5110 Payroll Taxes | C37: ='P&L Capital'!D37 -> 13380.28 | D37: 7167 | E37: =C37-D37 -> 6213.28
B38: 5115 Payroll Service Fees | C38: ='P&L Capital'!D38 -> 3158.7 | D38: 2166 | E38: =C38-D38 -> 992.7
B39: 5120 Health Insurance Reimbursements | C39: ='P&L Capital'!D39 -> 3108.24 | E39: =C39-D39 -> 3108.24
B40: Total for 5100 PAYROLL EXPENSES | C40: =C35+C36+C37+C38+C39 -> 199949.65 | D40: =D35+D36+D37+D38+D39 -> 103013 | E40: =E35+E36+E37+E38+E39 -> 96936.65
B41: 5200 COST OF COLLECTING SPECIAL ASSESSMENTS | D41: 17000 | E41: =C41-D41 -> -17000
B42: 5205 Property Appraiser Fees | C42: ='P&L Capital'!D42 -> 718 | E42: =C42-D42 -> 718
B43: 5210 Tax Collector Fees | C43: ='P&L Capital'!D43 -> 1321.12 | E43: =C43-D43 -> 1321.12
B44: Total for 5200 COST OF COLLECTING SPECIAL ASSESSMENTS | C44: =C41+C42+C43 -> 2039.12 | D44: =D41+D42+D43 -> 17000 | E44: =E41+E42+E43 -> -14960.88
B45: 5300 PROFESSIONAL FEES
B46: 5305 Accounting | C46: ='P&L Capital'!D46 -> 10640.13 | E46: =C46-D46 -> 10640.13
B47: 5310 Auditing | C47: ='P&L Capital'!D47 -> 15075 | E47: =C47-D47 -> 15075
B48: 5315 Legal Fees | C48: ='P&L Capital'!D48 -> 8378 | E48: =C48-D48 -> 8378
B49: 5320 Engineering / Technical Consulting | C49: ='P&L Capital'!D49 -> 431567.53 | D49: 478840 | E49: =C49-D49 -> -47272.47
B50: 5325 Legislative / Lobbying Services | C50: ='P&L Capital'!D50 -> 66135 | E50: =C50-D50 -> 66135
B51: 5330 Environmental / Project Monitoring | C51: ='P&L Capital'!D51 -> 0 | D51: 35269 | E51: =C51-D51 -> -35269
B52: 5335 Sea Turtle Monitoring | C52: ='P&L Capital'!D52 -> 11760.35 | D52: 144088 | E52: =C52-D52 -> -132327.65
B53: 5340 Shorebird Monitoring | C53: ='P&L Capital'!D53 -> 0 | E53: =C53-D53 -> 0
B54: Total for 5330 Environmental / Project Monitoring | C54: =C51+C52+C53 -> 11760.35 | D54: =D51+D52+D53 -> 179357 | E54: =E51+E52+E53 -> -167596.65
B55: 5345 Landscape Architecture / Design Consulting | C55: ='P&L Capital'!D55 -> 24000 | E55: =C55-D55 -> 24000
B56: 5350 Evan Cutler / Consulting | C56: ='P&L Capital'!D56 -> 10975.63 | E56: =C56-D56 -> 10975.63
B57: Total for 5300 PROFESSIONAL FEES | C57: =C45+C46+C47+C48+C49+C50+C54+C55+C56 -> 578531.64 | D57: =D45+D46+D47+D48+D49+D50+D54+D55+D56 -> 658197 | E57: =E45+E46+E47+E48+E49+E50+E54+E55+E56 -> -79665.36
B58: 5600 PARKING LOT EXPENSES
B59: 5610 Waste Disposal / Dumpster Services | C59: ='P&L Capital'!D59 -> 3649.1 | E59: =C59-D59 -> 3649.1
B60: 5615 Portable Toilets | C60: ='P&L Capital'!D60 -> 29900.13 | D60: 86522 | E60: =C60-D60 -> -56621.87
B61: 5620 Parking Lot Improvements | C61: ='P&L Capital'!D61 -> 8913.5 | D61: 60000 | E61: =C61-D61 -> -51086.5
B62: 5625 Parking Lot Signage | C62: ='P&L Capital'!D62 -> 877.14 | D62: 3000 | E62: =C62-D62 -> -2122.86
B63: 5635 Parking Lot Equipment Maintenance | C63: ='P&L Capital'!D63 -> 5564.41 | E63: =C63-D63 -> 5564.41
B64: 5640 Parking Collection Fees | C64: ='P&L Capital'!D64 -> 22892.74 | D64: 350 | E64: =C64-D64 -> 22542.74
B65: 5645 Sales Tax Expense / Adjustments | C65: ='P&L Capital'!D65 -> 28918.08 | D65: 1500 | E65: =C65-D65 -> 27418.08
B66: 5650 Beach Ambassador Uniforms | C66: ='P&L Capital'!D66 -> 2975.62 | E66: =C66-D66 -> 2975.62
B67: 5655 Beach Ambassador Supplies & Equipment | C67: ='P&L Capital'!D67 -> 808.94 | E67: =C67-D67 -> 808.94
B68: 5605 Parking Lot Maintenance | D68: 30000 | E68: =C68-D68 -> -30000
B69: 5685 Storm / Hurricane Parking Lot Repairs | D69: 50000 | E69: =C69-D69 -> -50000
B70: Total for 5600 PARKING LOT EXPENSES | C70: =C58+C59+C60+C61+C62+C63+C64+C65+C66+C67+C68+C69 -> 104499.66 | D70: =D58+D59+D60+D61+D62+D63+D64+D65+D66+D67+D68+D69 -> 231372 | E70: =E58+E59+E60+E61+E62+E63+E64+E65+E66+E67+E68+E69 -> -126872.34
B71: 5700 PROJECT / BEACH MAINTENANCE EXPENSES
B72: 5705 Australian Pine Removal | C72: ='P&L Capital'!D70 -> 244046 | D72: 225000 | E72: =C72-D72 -> 19046
B73: 5710 Iguana Control | C73: ='P&L Capital'!D71 -> 115500 | D73: 75000 | E73: =C73-D73 -> 40500
B74: 5715 Dune Protection Fencing | C74: ='P&L Capital'!D72 -> 91568 | E74: =C74-D74 -> 91568
B75: 5720 Beach Maintenance / Sand Management | C75: ='P&L Capital'!D73 -> 10020.96 | E75: =C75-D75 -> 10020.96
B76: 5725 Beach Renourishment | C76: ='P&L Capital'!D74 -> 23497646 | D76: 30000000 | E76: =C76-D76 -> -6502354.1
B77: 5745 Beach / Dune Signage | C77: ='P&L Capital'!D75 -> 765.45 | E77: =C77-D77 -> 765.45
B78: 5735 Captiva Bayside Initiative | D78: 100000 | E78: =C78-D78 -> -100000
B79: 5740 Dune Enhancement Project | D79: 200000 | E79: =C79-D79 -> -200000
B80: Beach Maintenance & Monitoring (deleted) | E80: =C80-D80 -> 0
B81: Beach Maintenance (deleted) | D81: 5000 | E81: =C81-D81 -> -5000
B82: Total for Beach Maintenance & Monitoring (deleted) | C82: =C80+C81 -> 0 | D82: =D80+D81 -> 5000 | E82: =E80+E81 -> -5000
B83: Local Grant Funding Requests (deleted) | D83: 28953 | E83: -28953
B84: Total for 5700 PROJECT / BEACH MAINTENANCE EXPENSES | C84: =C71+C72+C73+C74+C75+C76+C77+C78+C79+C82+C83 -> 23959546 | D84: =D71+D72+D73+D74+D75+D76+D77+D78+D79+D82+D83 -> 30633953 | E84: =E71+E72+E73+E74+E75+E76+E77+E78+E79+E82+E83 -> -6674406.7
B85: Total for Expenses | C85: =C23+C31+C40+C44+C57+C70+C84+C34 -> 24885090 | D85: =D23+D31+D40+D44+D57+D70+D84+D34 -> 31668535 | E85: =E23+E31+E40+E44+E57+E70+E84+E34 -> -6783445.3
B86: Net Operating Income/ (Loss) | C86: =C22-C85 -> -7484187.4 | D86: =D22-D85 -> -11622843 | E86: =E22-E85 -> 4138655.6
B87: Other Income
B88: 6000 TRANSFERS IN / OTHER FINANCING SOURCES
B89: 6005 Transfer from General Fund- Reserve | C89: ='P&L Capital'!D81 -> 102599.75 | D89: 111927 | E89: =C89-D89 -> -9327.25
B90: Total for 6000 TRANSFERS IN / OTHER FINANCING SOURCES | C90: =C88+C89 -> 102599.75 | D90: =D88+D89 -> 111927 | E90: =C90-D90 -> -9327.25
B91: 8505 Unrealized Gain / Loss on Investments | C91: ='P&L Capital'!D83 -> -39263.49 | E91: =C91-D91 -> -39263.49
B92: Total for Other Income | C92: =C87+C90+C91 -> 63336.26 | D92: =D87+D90+D91 -> 111927 | E92: =E87+E90+E91 -> -48590.74
B93: Other Expenses
B94: 7000 DEBT SERVICE / LEASE / DEPRECIATION
B95: 7005 Debt Service - Interest | C95: ='P&L Capital'!D87 -> 108952.21 | D95: 112409 | E95: =C95-D95 -> -3456.79
B96: Total for 7000 DEBT SERVICE / LEASE / DEPRECIATION | C96: =C94+C95 -> 108952.21 | D96: =D94+D95 -> 112409 | E96: =E94+E95 -> -3456.79
B97: Total for Other Expenses | C97: =C93+C96 -> 108952.21 | D97: =D93+D96 -> 112409 | E97: =E93+E96 -> -3456.79
B98: Net Other Income/ (Loss) | C98: =C92-C97 -> -45615.95 | D98: =D92-D97 -> -482 | E98: =E92-E97 -> -45133.95
B99: Net Income/ (Loss) | C99: =C86+C98 -> -7529803.3 | D99: =D86+D98 -> -11623325 | E99: =E86+E98 -> 4093521.7

Sheet Budget Vs Actual General
B1: Budget vs. Actuals_Budget_FY26_P&L__Report
B2: October, 2025-August, 2026
C4: Total
C5: Actual | D5: Budget | E5: Over budget by
B6: Income
B7: 4000 TAX REVENUES
B8: 4005 Ad Valorem Taxes | C8: ='P&L General Fund'!D8 -> 622407.68 | D8: 622003 | E8: =C8-D8 -> 404.68
B9: Total for 4000 TAX REVENUES | C9: =C7+C8 -> 622407.68 | D9: =D7+D8 -> 622003 | E9: =E7+E8 -> 404.68
B10: 4100 Interest Income | C10: ='P&L General Fund'!D10 -> 631.49 | D10: 15000 | E10: =C10-D10 -> -14368.51
B11: 4200 OTHER INCOME
B12: 4205 Estoppel Letter Fees | C12: ='P&L General Fund'!D12 -> 8000 | D12: 5000 | E12: =C12-D12 -> 3000
B13: 4295 Misc Other Income | C13: ='P&L General Fund'!D13 -> 482.19 | E13: =C13-D13 -> 482.19
B14: Total for 4200 OTHER INCOME | C14: =C11+C12+C13 -> 8482.19 | D14: =D11+D12+D13 -> 5000 | E14: =E11+E12+E13 -> 3482.19
B15: Total for Income | C15: =C6+C9+C10+C14 -> 631521.36 | D15: =D6+D9+D10+D14 -> 642003 | E15: =E6+E9+E10+E14 -> -10481.64
B16: Cost of Goods Sold
B17: Gross Profit | C17: =C15-C16 -> 631521.36 | D17: =D15-D16 -> 642003 | E17: =E15-E16 -> -10481.64
B18: Expenses
B19: 5000 ADMINISTRATIVE EXPENSES
B20: 5005 Bank Service Charges | C20: ='P&L General Fund'!D19 -> 57.75 | D20: 2000 | E20: =C20-D20 -> -1942.25
B21: 5015 Advertising / Legal Notices / Public Communications | C21: ='P&L General Fund'!D20 -> 5129.96 | D21: 15000 | E21: =C21-D21 -> -9870.04
B22: 5020 Copier Lease | C22: ='P&L General Fund'!D21 -> 1457.79 | E22: =C22-D22 -> 1457.79
B23: 5025 Insurance | C23: ='P&L General Fund'!D22 -> 11499.5 | D23: 21000 | E23: =C23-D23 -> -9500.5
B24: 5030 Dues & Subscriptions | C24: ='P&L General Fund'!D23 -> 8575 | D24: 10000 | E24: =C24-D24 -> -1425
B25: 5035 Office Supplies & Expenses | C25: ='P&L General Fund'!D24 -> 3526.06 | D25: 1000 | E25: =C25-D25 -> 2526.06
B26: 5040 Rent / Office Lease Expense | C26: ='P&L General Fund'!D25 -> 16253.58 | D26: 17000 | E26: =C26-D26 -> -746.42
B27: 5045 Postage & Delivery | C27: ='P&L General Fund'!D26 -> 126.84 | D27: 500 | E27: =C27-D27 -> -373.16
B28: 5050 Telephone / Communications | C28: ='P&L General Fund'!D27 -> 3776.62 | D28: 5500 | E28: =C28-D28 -> -1723.38
B29: 5055 Travel & Conferences | C29: ='P&L General Fund'!D28 -> 3063.59 | D29: 20000 | E29: =C29-D29 -> -16936.41
B30: 5060 IT Support / Computer Maintenance | C30: ='P&L General Fund'!D29 -> 3850.5 | D30: 15000 | E30: =C30-D30 -> -11149.5
B31: 5065 Website Maintenance | C31: ='P&L General Fund'!D30 -> 115.95 | E31: =C31-D31 -> 115.95
B32: 5070 Repairs & Maintenance | C32: ='P&L General Fund'!D31 -> 768 | D32: 5000 | E32: =C32-D32 -> -4232
B33: 5075 Small Tools, Equipment & Field Supplies | C33: ='P&L General Fund'!D32 -> 101.54 | E33: =C33-D33 -> 101.54
B34: 5080 Misc Administrative Expense | C34: ='P&L General Fund'!D33 -> 0 | E34: =C34-D34 -> 0
B35: 5010 Board Meeting Expenses | C35: 0 | D35: 1000 | E35: =C35-D35 -> -1000
B36: 5014 Utilities (deleted) | C36: ='P&L General Fund'!D35 -> 0 | E36: =C36-D36 -> 0
B37: Electric (deleted) | D37: 5500 | E37: =C37-D37 -> -5500
B38: Total for 5014 Utilities (deleted) | C38: =C36+C37 -> 0 | D38: =D36+D37 -> 5500 | E38: =E36+E37 -> -5500
B39: Total for 5000 ADMINISTRATIVE EXPENSES | C39: =C19+C20+C21+C22+C23+C24+C25+C26+C27+C28+C29+C30+C31+C32+C33+C34+C35+C38 -> 58302.68 | D39: =D19+D20+D21+D22+D23+D24+D25+D26+D27+D28+D29+D30+D31+D32+D33+D34+D35+D38 -> 118500 | E39: =E19+E20+E21+E22+E23+E24+E25+E26+E27+E28+E29+E30+E31+E32+E33+E34+E35+E38 -> -60197.32
B40: 5090 SOFTWARE & CLOUD SUBSCRIPTIONS
B41: 5090.01 Adobe | C41: ='P&L General Fund'!D36 -> 743.69 | E41: =C41-D41 -> 743.69
B42: 5090.02 ChatGPT / AI Tools | C42: ='P&L General Fund'!D37 -> 371.51 | E42: =C42-D42 -> 371.51
B43: 5090.03 Constant Contact | C43: ='P&L General Fund'!D38 -> 72 | E43: =C43-D43 -> 72
B44: 5090.04 Docusign | C44: ='P&L General Fund'!D39 -> 960 | E44: =C44-D44 -> 960
B45: 5090.05 Google Suite | C45: ='P&L General Fund'!D40 -> 2373.96 | E45: =C45-D45 -> 2373.96
B46: 5090.06 LastPass | C46: ='P&L General Fund'!D41 -> 306.42 | E46: =C46-D46 -> 306.42
B47: 5090.07 Microsoft 365 / Email Licenses | C47: ='P&L General Fund'!D42 -> 2913.97 | E47: =C47-D47 -> 2913.97
B48: 5090.08 QuickBooks Online | C48: ='P&L General Fund'!D43 -> 1290 | E48: =C48-D48 -> 1290
B49: 5090.09 Streamline | C49: ='P&L General Fund'!D44 -> 880 | E49: =C49-D49 -> 880
B50: 5090.10 Other Software & Cloud Subscriptions | C50: ='P&L General Fund'!D45 -> 358.19 | E50: =C50-D50 -> 358.19
B51: Total for 5090 SOFTWARE & CLOUD SUBSCRIPTIONS | C51: =C40+C41+C42+C44+C45+C46+C47+C48+C49+C50+C43 -> 10269.74 | D51: =D40+D41+D42+D44+D45+D46+D47+D48+D49+D50+D43 -> 0 | E51: =E40+E41+E42+E44+E45+E46+E47+E48+E49+E50+E43 -> 10269.74
B52: 5100 PAYROLL EXPENSES
B53: 5105 Gross Wages | C53: ='P&L General Fund'!D48 -> 76562.65 | D53: 187360 | E53: =C53-D53 -> -110797.35
B54: 5110 Payroll Taxes | C54: ='P&L General Fund'!D49 -> 6542.94 | D54: 14333 | E54: =C54-D54 -> -7790.06
B55: 5115 Payroll Service Fees | C55: ='P&L General Fund'!D50 -> 3158.47 | D55: 4333 | E55: =C55-D55 -> -1174.53
B56: 5120 Employee Reimbursements / Non-Taxable Reimb | C56: ='P&L General Fund'!D51 -> 18325.81 | E56: =C56-D56 -> 18325.81
B57: Total for 5100 PAYROLL EXPENSES | C57: =C52+C53+C54+C55+C56 -> 104589.87 | D57: =D52+D53+D54+D55+D56 -> 206026 | E57: =E52+E53+E54+E55+E56 -> -101436.13
B58: 5125 ADMINISTRATIVE SUPPORT / CONTRACT LABOR
B59: 5130 Contract Administrative Support | C59: ='P&L General Fund'!D54 -> 10486.87 | E59: =C59-D59 -> 10486.87
B60: Total for 5125 ADMINISTRATIVE SUPPORT / CONTRACT LABOR | C60: =C58+C59 -> 10486.87 | D60: =D58+D59 -> 0 | E60: =E58+E59 -> 10486.87
B61: 5200 COST OF COLLECTING AD VALOREM
B62: 5205 Property Appraiser Fees | C62: ='P&L General Fund'!D57 -> 3749.7 | D62: 3110 | E62: =C62-D62 -> 639.7
B63: 5210 Tax Collector Fees | C63: ='P&L General Fund'!D58 -> 11970.9 | D63: 12440 | E63: =C63-D63 -> -469.1
B64: Total for 5200 COST OF COLLECTING AD VALOREM | C64: =C61+C62+C63 -> 15720.6 | D64: =D61+D62+D63 -> 15550 | E64: =E61+E62+E63 -> 170.6
B65: 5300 PROFESSIONAL FEES
B66: 5305 Accounting | C66: ='P&L General Fund'!D61 -> 10295.12 | D66: 45000 | E66: =C66-D66 -> -34704.88
B67: 5310 Auditing | C67: ='P&L General Fund'!D62 -> 9575 | E67: =C67-D67 -> 9575
B68: 5315 Legal Fees - General | C68: ='P&L General Fund'!D63 -> 16387.26 | D68: 50000 | E68: =C68-D68 -> -33612.74
B69: 5320 Engineering / Technical Consulting | D69: 15000 | E69: =C69-D69 -> -15000
B70: 5395 Other-Professional Fees | D70: 5000 | E70: =C70-D70 -> -5000
B71: Total for 5300 PROFESSIONAL FEES | C71: =C65+C66+C67+C68+C69+C70 -> 36257.38 | D71: =D65+D66+D67+D68+D69+D70 -> 115000 | E71: =E65+E66+E67+E68+E69+E70 -> -78742.62
B72: Consulting (deleted) | D72: 5000 | E72: =C72-D72 -> -5000
B73: Total for Expenses | C73: =C18+C39+C51+C57+C60+C64+C71+C72 -> 235627.14 | D73: =D18+D39+D51+D57+D60+D64+D71+D72 -> 460076 | E73: =E18+E39+E51+E57+E60+E64+E71+E72 -> -224448.86
B74: Net Operating Income/ (Loss) | C74: =C17-C73 -> 395894.22 | D74: =D17-D73 -> 181927 | E74: =E17-E73 -> 213967.22
B75: Other Income
B76: Other Expenses
B77: 6000 TRANSFERS OUT / OTHER FINANCING USES
B78: 6005 Transfer to Capital Fund | C78: ='P&L General Fund'!D69 -> 102599.75 | D78: 111927 | E78: =C78-D78 -> -9327.25
B79: Total for 6000 TRANSFERS OUT / OTHER FINANCING USES | C79: =C77+C78 -> 102599.75 | D79: =D77+D78 -> 111927 | E79: =E77+E78 -> -9327.25
B80: 8010 CAPITAL OUTLAY
B81: 8020 Office furniture | D81: 20000 | E81: =C81-D81 -> -20000
B82: 8025 Equipment purchases | D82: 50000 | E82: =C82-D82 -> -50000
B83: Total for 8010 CAPITAL OUTLAY | C83: =C80+C81+C82 -> 0 | D83: =D80+D81+D82 -> 70000 | E83: =E80+E81+E82 -> -70000
B84: Total for Other Expenses | C84: =C76+C79+C83 -> 102599.75 | D84: =D76+D79+D83 -> 181927 | E84: =E76+E79+E83 -> -79327.25
B85: Net Other Income/ (Loss) | C85: =C75-C84 -> -102599.75 | D85: =D75-D84 -> -181927 | E85: =E75-E84 -> 79327.25
B86: Net Income/ (Loss) | C86: =C74+C85 -> 293294.47 | D86: =D74+D85 -> 0 | E86: =E74+E85 -> 293294.47
